 Dungeon Crawl Stone Soup version 0.20.1-1-g8b1a95d (webtiles) character file.

1040 Timinator the Ruffian (level 8, -7/118 HPs)
             Began as a Troll Monk on Nov 3, 2017.
             Mangled by a two-headed ogre
             ... wielding a +0 giant spiked club
              (24 damage)
             ... on level 6 of the Dungeon.
             The game lasted 00:05:06 (3704 turns).

Timinator the Ruffian (Troll Monk)                  Turns: 3704, Time: 00:05:07

Health: -7/118     AC:  8    Str: 25    XL:     8   Next: 4%
Magic:  7/7        EV:  7    Int:  7    God:
Gold:   215        SH: 12    Dex: 13    Spells: 7/7 levels left

rFire    . . .     SeeInvis .     - Unarmed
rCold    . . .     Gourm    +   n - +0 large shield
rNeg     . . .     Faith    .   d - +2 robe {MR+}
rPois    .         Spirit   .   (helmet restricted)
rElec    .         Reflect  .   (no cloak)
rCorr    .         Harm     .   (gloves unavailable)
MR       +....                  (boots unavailable)
Stlth    ..........             (no amulet)
Regen    0.7/turn               e - +1 ring of protection
MPRegen  0.1/turn               (no ring)

@: berserking, very quick
A: unfitting armour, claws 3, fast metabolism 3, gourmand, regeneration 1,
shaggy fur 1, tough skin 2
a: no special abilities


You were on level 6 of the Dungeon.
You were not hungry.

You visited 1 branch of the dungeon, and saw 6 of its levels.

You collected 215 gold pieces.

Inventory:

Armour
 d - a +2 robe of magic resistance (worn)
 n - a +0 large shield (worn)
Jewellery
 e - a +1 ring of protection (left claw)
Scrolls
 a - a scroll of blinking {unknown}
 c - 2 scrolls of recharging {unknown}
 f - 2 scrolls of teleportation
 g - 3 scrolls of identify
 k - 2 scrolls of amnesia {unknown}
 p - a scroll of fear
 q - a scroll of immolation {unknown}
Potions
 i - a potion of flight
 j - a potion of heal wounds {unknown}
 l - 3 potions of curing
 m - 4 potions of mutation {unknown}
 o - 2 potions of invisibility
Comestibles
 b - 4 bread rations
 r - a royal jelly


   Skills:
 + Level 4.6 Fighting
 + Level 4.6 Dodging
 - Level 1.0 Stealth
 + Level 0.2 Shields
 * Level 7.1 Unarmed Combat


You had 7 spell levels left.
You didn't know any spells.

Dungeon Overview and Level Annotations

Branches:
Dungeon (6/15)
 Temple: D:4-7

Altars:
Ashenzari
Kikubaaqudgha
Makhleb
The Shining One

Shops:
D:5 :


Innate Abilities, Weirdness & Mutations

You are too large for most types of armour.
You have claws for hands.
Your metabolism is lightning-fast.
You like to eat raw meat.
Your natural rate of healing is unusually fast.
You are covered in fur. (AC +1)
You have very tough skin. (AC +2)


Message History

You are too injured to fight recklessly!
Unknown command.
There is a stone staircase leading up here.
You can't go down here!
Unknown command.
A red film seems to cover your vision as you go berserk!
You feel yourself moving faster!
You feel mighty!
The two-headed ogre hits you with a giant spiked club!!
* * * LOW HITPOINT WARNING * * *
You block the two-headed ogre's attack.
Unknown command.
You barely miss the two-headed ogre.
The two-headed ogre is moderately wounded.
Unknown command.
You claw the two-headed ogre!
The two-headed ogre is severely wounded.
The two-headed ogre hits you with a giant spiked club!
* * * LOW HITPOINT WARNING * * *
The two-headed ogre hits you with a giant club!!
You die...

#.# #.# #.#
#.# #.# #.#
#.# ####.#
#@O..#
#.........#
#########.#
#.# #.# #.#
#.# .#


You could see a two-headed ogre.

Vanquished Creatures
  Grinder (D:4)
  Sigmund (D:2)
  A sky beast (D:5)
  An ogre (D:4)
  A scorpion (D:5)
  A howler monkey (D:5)
  2 orc priests
  A jelly (D:5)
  2 orc wizards
  Terence (D:2)
  Natasha (twice) (D:3)
  A worker ant (D:5)
  A killer bee zombie (D:5)
  A hound zombie (D:5)
  Robin (D:2)
  5 adders
  A worm (D:3)
  A dart slug (D:1)
  A leopard gecko (D:1)
  8 orcs
  3 ball pythons
  2 bat zombies (D:3)
  9 giant cockroaches
  8 goblins
  6 hobgoblins
  8 jackals
  8 kobolds
  A quokka (D:5)
  8 bats
  2 frilled lizards (D:2)
  A jackal skeleton (D:4)
  11 rats
  2 rat zombies (D:3)
103 creatures vanquished.

Notes
Turn   | Place    | Note
-------+----------+-------------------------------------------
     0 | D:1      | Timinator the Troll Monk began the quest for the Orb.
     0 | D:1      | Reached XP level 1. HP: 22/22 MP: 0/0
    50 | D:1      | Reached XP level 2. HP: 27/29 MP: 1/1
   394 | D:1      | Reached XP level 3. HP: 36/36 MP: 2/2
   604 | D:2      | Noticed Terence
   612 | D:2      | Killed Terence
   612 | D:2      | Reached skill level 4 in Unarmed Combat
   662 | D:2      | Found a burning altar of Makhleb.
   662 | D:2      | Found a shattered altar of Ashenzari.
   680 | D:2      | Noticed Robin
   699 | D:2      | Killed Robin
   699 | D:2      | Reached XP level 4. HP: 34/44 MP: 3/3
  1070 | D:2      | Noticed Sigmund
  1087 | D:2      | Killed Sigmund
  1087 | D:2      | Reached skill level 5 in Unarmed Combat
  1087 | D:2      | Reached XP level 5. HP: 27/53 MP: 4/4
  1473 | D:3      | Reached XP level 6. HP: 53/61 MP: 5/5
  1668 | D:3      | Found an ancient bone altar of Kikubaaqudgha.
  1721 | D:3      | Found a faded altar of an unknown god.
  1738 | D:3      | Noticed Natasha
  1743 | D:3      | Killed Natasha
  1765 | D:3      | Noticed Natasha
  1769 | D:3      | Killed Natasha
  1778 | D:3      | Found a glowing golden altar of the Shining One.
  2177 | D:4      | Noticed Grinder
  2190 | D:4      | Paralysed by Grinder for 7 turns
  2206 | D:4      | Killed Grinder
  2206 | D:4      | Reached skill level 6 in Unarmed Combat
  2206 | D:4      | Reached XP level 7. HP: 53/70 MP: 6/6
  2832 | D:5      | Entered Level 5 of the Dungeon
  3086 | D:5      | Reached skill level 7 in Unarmed Combat
  3256 | D:5      | Found Ejobb's Book Boutique.
  3449 | D:5      | Reached XP level 8. HP: 75/79 MP: 7/7
  3688 | D:6      | Noticed a two-headed ogre
  3704 | D:6      | Mangled by a two-headed ogre

Skill      XL: |  1  2  3  4  5  6  7 |
---------------+----------------------+-----
Unarmed Combat | 4 5 6 7 |  7.1
Dodging        | 3 4 |  4.6
Fighting       | 3 4 |  4.6
Stealth        | |  1.0
Shields        | |  0.2

Action                   |  1- 3 |  4- 6 |  7- 9 || total
-------------------------+-------+-------+-------++-------
Melee: Unarmed           |    88 |   119 |    80 ||   287
       Punch             |     2 |     3 |       ||     5
  Use: Potion            |       |     3 |     1 ||     4
       Scroll            |       |     4 |       ||     4
 Stab: Sleeping          |     1 |     4 |     2 ||     7
  Eat: Chunk             |     4 |    18 |     9 ||    31
Armor: Robe              |    43 |    36 |    20 ||    99
Dodge: Dodged            |    44 |    41 |    11 ||    96
Block: Large shield      |       |     2 |    39 ||    41
